 Dungeon Crawl Stone Soup version 0.29.0-4-gdea44cf6ec (webtiles) character file.

Game seed: 7881840514378998327

76 qw the Sneak (level 4, 0/28 HPs)
             Began as a Gargoyle Delver on Sept 10, 2022.
             Slain by a hound (5 damage)
             ... on level 3 of the Dungeon.
             The game lasted 00:00:20 (1276 turns).

qw the Sneak (Gargoyle Delver)                      Turns: 1276, Time: 00:00:20

Health: 0/28       AC:  7    Str: 18    XL:     4   Next: 32%
Magic:  4/4        EV: 11    Int: 10    God:
Gold:   9          SH:  0    Dex: 11    Spells: 3/3 levels left

rFire   . . .      SeeInvis .   Y - +1 hand axe
rCold   . . .      Faith    .   (no shield)
rNeg    + . .      Spirit   .   b - +0 leather armour
rPois   inf        Reflect  .   d - +0 helmet
rElec   +          Harm     .   (no cloak)
rCorr   .          Rampage  .   (no gloves)
Will    .....                   (no boots)
Stlth   +++.......              (no amulet)
HPRegen 0.09/turn               (no ring)
MPRegen 0.09/turn               (no ring)

@: no status effects
A: sickness immunity, AC +3, negative energy resistance 1, electricity
resistance, torment resistance 1, petrification resistance
a: no special abilities


You were on level 3 of the Dungeon.
You visited 2 branches of the dungeon, and saw 4 of its levels.

You collected 9 gold pieces.


Innate Abilities, Weirdness & Mutations

You are immune to sickness and miasma.
Your stone body is resilient. (AC +3)
You are immune to poison.
You resist negative energy. (rN+)
You are resistant to electric shocks. (rElec)
You are resistant to unholy torment.
You are immune to petrification.


   Skills:
 - Level 3.2 Fighting
 + Level 4.0 Axes
 - Level 1.5 Dodging
 - Level 5.4 Stealth


You had 3 spell levels left.
You didn't know any spells.
Your spell library was empty.

Inventory:

Hand Weapons
 Y - a +1 hand axe (weapon)
Armour
 b - a +0 leather armour (worn)
 d - a +0 helmet (worn)
 h - a +2 ring mail of willpower
Wands
 g - a wand of digging (3)
Potions
 a - a potion of might {unknown}
 c - a potion of degeneration {unknown}
 e - 2 potions of brilliance {unknown}
 f - 2 potions of haste

Dungeon Overview and Level Annotations

Branches:
Dungeon (5/15)             Temple (1/1) D:5

Altars:
Fedhas
Hepliaklqana
Makhleb
Qazlal
Ru
Trog
Uskayaw
Wu Jian
Xom
Yredelemnul
Zin
The Shining One

Annotations:
D:3 Grinder


Message History

Grinder closely misses you.
You closely miss Grinder.
Grinder is heavily wounded.
Grinder barely misses you.
You closely miss Grinder.
Grinder is heavily wounded.
Grinder blinks!
Grinder hits you.
You writhe in agony.
You hit Grinder.
Grinder is heavily wounded.
You closely miss the hound. The hound barely misses you.
Grinder says, "I used to sell toenails on the black market."
Grinder hits you.
You closely miss Grinder.
Grinder is heavily wounded.
You miss the adder. You closely miss the hound. The hound barely misses you.
The adder barely misses you. Grinder hits you but does no damage.
The hound bites you. The adder barely misses you.
You hit Grinder.
Grinder is severely wounded.
You barely miss the adder. You hit the hound. The hound closely misses you.
Grinder closely misses you. The adder bites you but does no damage.
The hound barely misses you.
You hit Grinder.
Grinder is almost dead.
You barely miss the adder. You miss the hound. The adder closely misses you.
Grinder hits you.
You writhe in agony.
The hound bites you but does no damage.
You closely miss Grinder.
Grinder is almost dead.
You hit the adder. You hit the hound. The hound bites you.
The adder closely misses you. Grinder hits you!
The hound bites you but does no damage. The adder bites you.
You hit Grinder.
Grinder is almost dead.
You barely miss the adder. You hit the hound. The hound bites you.
You die...

### ..#...#.0¤ #>#
##.~.##0¤ #.#
##...### #.# #...##
#)########'''######
#.#.#..............
#.#.#....5.S#......
#.#.......@h.......
###.###.....###......
#.........##.........
#.........# !..5....#
#...).....# .........
#.........# ........#
#.).......# ....... #
#.........# ...h...
#.........# .......


You could see Grinder, a hound and an adder.

Vanquished Creatures
  A necrophage (D:4)
  An adder (D:3)
  An orc (D:3)
  An endoplasm (D:3)
  A giant cockroach (D:4)
  A kobold (D:3)
  A quokka (D:5)
7 creatures vanquished.

Notes
Turn   | Place    | Note
-------+----------+-------------------------------------------
     0 | D:5      | qw the Gargoyle Delver began the quest for the Orb.
     0 | D:5      | Reached XP level 1. HP: 14/14 MP: 1/1
     0 | D:5      | 0 ||| qw: Version: 0.1-a-116-g5d60599
     0 | D:5      | 0 ||| qw: Game counter: 9516
     0 | D:5      | 0 ||| qw: Always use a shield: true
     0 | D:5      | 0 ||| qw: God list: Okawaru
     0 | D:5      | 0 ||| qw: Allow faded altars: false
     0 | D:5      | 0 ||| qw: Do Orc after D:15 true
     0 | D:5      | 0 ||| qw: Do second Lair branch before Depths: true
     0 | D:5      | 0 ||| qw: Lair rune preference: random
     0 | D:5      | 0 ||| qw: Plans: Normal
     0 | D:5      | 0 ||| PLANNING D:1-11
    18 | D:5      | Found a staircase to the Ecumenical Temple.
    19 | D:5      | 19 ||| PLANNING TEMPLE
    19 | D:5      | 19 ||| READING scroll labelled ASUIF WUMMAW.
    20 | D:5      | 20 ||| DROPPING scroll of fog.
    21 | D:5      | 21 ||| DROPPING scroll of magic mapping.
    22 | D:5      | 22 ||| DROPPING scroll of fear.
    31 | Temple   | Entered the Ecumenical Temple
   361 | Temple   | 361 ||| PLANNING D:1-11
   516 | D:4      | Noticed a necrophage
   517 | D:4      | 517 ||| Stepping ~*~*~tactically~*~*~ (stealth).
   533 | D:4      | HP: 3/14 [necrophage (5)]
   534 | D:4      | Killed a necrophage
   535 | D:4      | Reached skill level 3 in Axes
   535 | D:4      | Reached XP level 2. HP: 4/19 MP: 2/2
   535 | D:4      | Reached XP level 3. HP: 5/23 MP: 3/3
   535 | D:4      | Reached XP level 4. HP: 7/28 MP: 4/4
   775 | D:4      | 775 ||| UPGRADING to +0 helmet.
   897 | D:3      | Noticed Grinder
   898 | D:3      | 898 ||| Stepping ~*~*~tactically~*~*~ (hiding).
   981 | D:3      | 981 ||| Stepping ~*~*~tactically~*~*~ (stealth).
   985 | D:3      | 985 ||| Stepping ~*~*~tactically~*~*~ (stealth).
   987 | D:3      | 987 ||| Stepping ~*~*~tactically~*~*~ (stealth).
   988 | D:3      | 988 ||| Stepping ~*~*~tactically~*~*~ (stealth).
   996 | D:3      | 996 ||| Stepping ~*~*~tactically~*~*~ (hiding).
  1098 | D:3      | 1098 ||| Stepping ~*~*~tactically~*~*~ (hiding).
  1200 | D:3      | 1200 ||| Stepping ~*~*~tactically~*~*~ (hiding).
  1259 | D:3      | 1259 ||| Stepping ~*~*~tactically~*~*~ (stealth).
  1261 | D:3      | 1261 ||| Stepping ~*~*~tactically~*~*~ (hiding).
  1275 | D:3      | HP: 6/28 [Grinder (8)]
  1276 | D:3      | Slain by a hound

Levels and vault maps discovered:
D:3:      layout_basic, nemelex_altar_shiori,
          chequers_temple_overflow_statue_of_worship, tgw_kikubaaqudgha,
          ebering_dispersal_statue_hall, nrook_mini_vaults,
          chequers_serial_rivers_micro_a, uniq_grinder
D:4:      layout_gridville, minmay_misc_feat_encased, cheibrodos_gnoll_hut
D:5:      layout_gridville, gammafunk_temple_overflow_pools,
          minmay_temple_entry_overgrown
Temple:   minmay_temple_forest_path

Skill      XL: |  1  2  3  4 |
---------------+-------------+-----
Axes           | 3 4 |  4.0
Fighting       | |  3.2
Dodging        | |  1.5
Stealth        | |  5.4

Action                   |  1- 3 |  4- 6 || total
-------------------------+-------+-------++-------
Melee: Hand axe          |    17 |    30 ||    47
  Use: Scroll            |     1 |       ||     1
 Stab: Sleeping          |     1 |       ||     1
Armor: Leather armour    |     2 |    13 ||    15
Dodge: Dodged            |    11 |    18 ||    29

Table legend:
 A = Non-vault XP
 B = Vault XP
 C = Vault XP percentage of total XP
 D = Non-vault monster count
 E = Vault monster count
 F = Vault count percentage of total count
                 A         B        C        D         E       F
            +---------+---------+-------+---------+---------+-------
      Total |     109 |       0 |   0.0 |       7 |       0 |   0.0
            +---------+---------+-------+---------+---------+-------
        D:3 |      20 |       0 |   0.0 |       4 |       0 |   0.0
        D:4 |      87 |       0 |   0.0 |       2 |       0 |   0.0
        D:5 |       2 |       0 |   0.0 |       1 |       0 |   0.0
            +---------+---------+-------+---------+---------+-------
